 Dungeon Crawl Stone Soup version 0.26-a0-307-g4e7fcc93f0 (webtiles) character file.

Game seed: 9361828121961985098

196 Infinimo the Cudgeler (level 5, -7/47 HPs)
             Began as a Minotaur Berserker on July 15, 2020.
             Was a Believer of Trog.
             Killed by divine providence
             ... invoked by an orc priest
              (12 damage)
             ... on level 3 of the Dungeon.
             The game lasted 00:02:17 (2701 turns).

Infinimo the Cudgeler (Minotaur Berserker)          Turns: 2701, Time: 00:02:18

Health: -7/47      AC:  2    Str: 21    XL:     5   Next: 45%
Magic:  4/4        EV: 13    Int:  4    God:    Trog [**....]
Gold:   133        SH:  0    Dex: 11    Spells: 4/4 levels left

rFire    + . .     SeeInvis .   a - +0 mace
rCold    + . .     Faith    .   (no shield)
rNeg     . . .     Spirit   .   b - +0 animal skin
rPois    +         Reflect  .   (helmet restricted)
rElec    +         Harm     .   (no cloak)
rCorr    +                      (no gloves)
MR       .....                  (no boots)
Stlth    +.........             (no amulet)
HPRegen  0.15/turn              (no ring)
MPRegen  0.09/turn              (no ring)

@: resistant, berserk cooldown, hasted, very quick
A: retaliatory headbutt, horns 2
a: Berserk, Trog's Hand, Renounce Religion


You were on level 3 of the Dungeon.
You worshipped Trog.
Trog was pleased with you.
You visited 1 branch of the dungeon, and saw 3 of its levels.

You collected 133 gold pieces.

Inventory:

Hand Weapons
 a - a +0 mace (weapon)
Armour
 b - a +0 animal skin (worn)
Scrolls
 d - 2 scrolls of remove curse
 e - a scroll of fear {unknown}
 i - 4 scrolls of amnesia {unknown}
 k - a scroll of teleportation {unknown}
 l - a scroll of noise {unknown}
 m - a scroll of identify {unknown}
Potions
 c - a potion of resistance
 g - 2 potions of haste
 n - a potion of stabbing {unknown}


   Skills:
 + Level 4.6 Fighting
 * Level 5.5 Maces & Flails
 + Level 3.7 Armour
 + Level 3.3 Dodging


You had 4 spell levels left.
You didn't know any spells.
Your spell library was empty.

Dungeon Overview and Level Annotations

Branches:
Dungeon (3/15)

Altars:
Fedhas
Nemelex Xobeh


Innate Abilities, Weirdness & Mutations

You reflexively headbutt those who attack you in melee.
You have a pair of horns on your head.


Message History

* * * LOW HITPOINT WARNING * * *
You feel yourself speed up.
The orc wizard gestures at you while chanting.
The magic dart hits you.
* * * LOW HITPOINT WARNING * * *
It was a potion of heal wounds.
You feel much better.
You feel yourself speed up.
The orc priest hits you with a +0 flail.
The orc wizard hits you with a +0 dagger of freezing.
You furiously retaliate!
You headbutt the orc, but do no damage.
The orc priest calls down the wrath of Beogh upon you.
Beogh smites you!
* * * LOW HITPOINT WARNING * * *
Okay, then.
As you read the scroll labeled CICE CAACWAFY, it crumbles to dust.
You feel blessed for a moment.
It was a scroll of remove curse.
Okay, then.
The orc priest calls down the wrath of Beogh upon you.
Beogh smites you!
You die...

## #....>....).......)≈
....##..#####.#.###.###≈.
........# #.#.###.#..#
........#####..........#
.............##.###.#.##
......#......##.# #.#.#
.........)†.##.###.# .
###...............# ##
##..@o.oo##.##.....
######.#####.##)# .####
#..[.....# #.##.#
#........# #.##.#
#........# #.##.#
#........###.##.#
#.........##.# .#
#########.##.# #...).#.#


You could see an orc priest, an orc wizard and an orc.

Vanquished Creatures
  An orc wizard (D:3)
  Jessica (D:3)
  Ijyb (D:3)
  A gnoll (D:1)
  4 adders (D:2)
  3 worms
  2 leopard geckos
  An orc (D:3)
  4 giant cockroaches
  8 goblins
  6 hobgoblins
  4 jackals (D:1)
  2 quokkas
  4 bats (D:2)
  A frilled lizard (D:3)
  6 kobolds
  10 rats
59 creatures vanquished.

Notes
Turn   | Place    | Note
-------+----------+-------------------------------------------
     0 | D:1      | Infinimo the Minotaur Berserker began the quest for the
                  | Orb.
     0 | D:1      | Reached XP level 1. HP: 19/19 MP: 0/0
   147 | D:1      | Reached XP level 2. HP: 24/27 MP: 1/1
   198 | D:1      | Reached skill level 4 in Maces & Flails
   387 | D:1      | Found a sparkling altar of Nemelex Xobeh.
   472 | D:1      | Reached XP level 3. HP: 32/33 MP: 2/2
   694 | D:2      | Reached ** piety under Trog
  1437 | D:2      | Reached XP level 4. HP: 30/40 MP: 3/3
  2432 | D:3      | Noticed Ijyb
  2442 | D:3      | Killed Ijyb
  2442 | D:3      | Reached skill level 5 in Maces & Flails
  2523 | D:3      | Found a blossoming altar of Fedhas.
  2590 | D:3      | Noticed Jessica
  2596 | D:3      | Killed Jessica
  2596 | D:3      | Reached XP level 5. HP: 47/47 MP: 4/4
  2693 | D:3      | HP: 2/47 [orc wizard/+0 dagger of freezing (1)]
  2701 | D:3      | Killed from afar by an orc priest

Illustrated notes

Levels and vault maps discovered:
D:1:      ncdulo_lavacross, layout_rooms, serial_glass, glass_columns_a,
          glass_columns_a, nemelex_diamond_rough_becter
D:2:      layout_basic, eino_tiny_chamber, grunt_ministairs_15, st_stairs_8
D:3:      layout_basic, lemuel_crystal_altar, hangedman_decor_clover_reticule,
          nicolae_ru_path_of_blood, uniq_jessica, uniq_terence, uniq_ijyb

Skill      XL: |  1  2  3  4 |
---------------+-------------+-----
Maces & Flails | 4 5 |  5.5
Fighting       | 4 |  4.6
Armour         | 3 |  3.7
Dodging        | 3 |  3.3

Action                   |  1- 3 |  4- 6 || total
-------------------------+-------+-------++-------
Melee: Mace              |    65 |    46 ||   111
       Headbutt          |     8 |     9 ||    17
Invok: Berserk           |     3 |     4 ||     7
       Trog's Hand       |       |     1 ||     1
  Use: Potion            |       |     5 ||     5
       Scroll            |       |     1 ||     1
Armor: Animal skin       |    19 |     3 ||    22
Dodge: Dodged            |    57 |    45 ||   102

Table legend:
 A = Non-vault XP
 B = Vault XP
 C = Vault XP percentage of total XP
 D = Non-vault monster count
 E = Vault monster count
 F = Vault count percentage of total count
                 A         B        C        D         E       F
            +---------+---------+-------+---------+---------+-------
      Total |     190 |      90 |  32.1 |      54 |       5 |   8.5
            +---------+---------+-------+---------+---------+-------
        D:1 |      52 |       0 |   0.0 |      23 |       0 |   0.0
        D:2 |      67 |      17 |  20.2 |      17 |       3 |  15.0
        D:3 |      71 |      73 |  50.7 |      14 |       2 |  12.5
            +---------+---------+-------+---------+---------+-------
